Map: Lost and Found LE

Players

LiquidMaNa (MaNa) - Winner!

  • Race: Protoss Protoss
  • League: Master
  • Spawn Location: 1:00

SortOf

  • Race: Zerg Zerg
  • League: Master
  • Spawn Location: 7:00

Event: HomeStory Cup XVIII

VOD

Have the link to the VOD?

Description

Time

  • Played on: Nov. 23, 2018, 9:18 a.m.
  • Length: 11:24

All games in this series

Show
View Real Time Build Order
Export as new Build Order

LiquidMaNa Protoss - Winner!

Build Orders: 1 Gate Expand, Oracle Opening, Phoenix Opening, Archon Immortal, Archon Drop 

Get SALT Encoding   

  12  0:00  Probe  
  13  0:12  Probe  
  14  0:17  Pylon  
  14  0:24  Probe  
  15  0:32  Probe  
  15  0:37  Assimilator  
  15  0:40  Probe  
  16  0:47  Gateway  
  17  0:50  Probe  
  18  0:58  Probe  
  19  1:06  Probe  
  20  1:24  Nexus  
  20  1:34  Cybernetics Core  
  20  1:37  Probe  
  21  1:43  Assimilator  
  21  1:49  Probe  
  21  1:53  Pylon  
  22  2:01  Probe  
  23  2:02  Adept  
  23  2:13  Probe  
  26  2:17  Stargate  
  26  2:25  Probe, Warp Gate  
  27  2:30  Adept  
  27  2:36  Probe  
  30  2:37  Probe  
  31  2:48  Probe  
  31  2:49  Probe  
  33  2:53  Phoenix  
  33  3:00  Probe  
  33  3:01  Probe  
  37  3:12  Probe  
  38  3:13  Probe, Assimilator  
  39  3:23  Robotics Facility  
  39  3:24  Probe  
  39  3:26  Probe  
  41  3:27  Gateway  
  41  3:33  Probe, Assimilator  
  41  3:36  Probe  
  43  3:42  Oracle  
  43  3:46  Pylon  
  46  3:52  Twilight Council  
  46  4:02  Warp Prism  
  46  4:03  Probe  
  46  4:04  Probe  
  46  4:08  Gateway  
  46  4:09  Gateway  
  48  4:15  Probe  
  52  4:17  Probe  
  52  4:21  Pylon  
  52  4:26  Zealot  
  54  4:32  Templar Archives  
  54  4:37  Pylon  
  54  4:39  Probe x2  
  56  4:47  Forge  
  56  5:00  Nexus  
  56  5:04  Observer  
  56  5:08  High Templar  
  56  5:09  High Templar x3  
  56  5:10  Probe x2  
  56  5:13  Archon x2  
  67  5:20  Shield Battery  
  67  5:22  Pylon, Protoss Ground Weapons Level 1  
  67  5:24  Probe  
  67  5:25  Probe  
  69  5:37  Probe  
  69  5:40  Probe  
  71  5:45  Immortal  
  71  5:48  Sentry  
  71  5:49  Probe  
  78  5:52  Pylon  
  78  5:53  Pylon  
  78  6:01  Robotics Facility  
  78  6:07  Probe x2  
  78  6:09  Probe  
  80  6:14  Sentry  
  80  6:15  Zealot x2, Probe x2  
  80  6:17  Charge, Probe  
  87  6:24  Probe x2  
  90  6:28  Probe  
  90  6:32  Immortal  
  97  6:36  Probe x2  
  99  6:42  Probe  
  99  6:44  Assimilator  
  99  6:45  Pylon, Assimilator  
  100  6:48  Probe  
  100  6:49  Probe, Immortal  
  106  7:03  Pylon  
  106  7:05  Pylon  
  106  7:06  Gateway x2  
  106  7:09  Gateway  
  106  7:11  Protoss Ground Weapons Level 2  
  106  7:12  Psionic Storm  
  106  7:17  Immortal  
  106  7:18  Photon Cannon  
  110  7:29  Immortal  
  114  7:33  Probe x2  
  116  7:37  High Templar  
  116  7:38  High Templar  
  120  7:49  Pylon  
  117  7:54  Photon Cannon, Zealot x2  
  117  7:56  Observer  
  122  8:03  High Templar x2  
  126  8:08  Pylon, Immortal  
  126  8:12  Pylon x2  
  130  8:18  Zealot x5  
  138  8:25  Pylon  
  138  8:26  Immortal  
  142  8:27  Pylon  
  142  8:47  Immortal  
  142  8:48  Nexus  
  144  8:49  Zealot x3  
  144  8:55  Probe  
  149  8:58  Pylon  
  149  9:05  Zealot x3, Immortal  
  159  9:14  Shield Battery  
  158  9:17  Pylon  
  158  9:21  High Templar x4  
  166  9:26  Immortal  
  170  9:37  High Templar, Zealot x2  
  170  9:43  Nexus  
  170  9:44  Observer  
  170  9:45  Pylon  
  171  9:49  Observer  
  171  9:59  Zealot x6  
  161  10:21  Zealot x6  
  159  10:23  Archon  
  159  10:25  Archon  
  159  10:27  Immortal  
  137  10:45  Immortal  
  129  10:57  Zealot x7  
  147  11:20  Zealot x6  
  147  11:21  Zealot  
Show
View Real Time Build Order
Export as new Build Order

SortOf Zerg 

Build Orders: Hatch First, Lurkers, Roach Hydra 

Get SALT Encoding   

  12  0:01  Drone  
  13  0:12  Overlord  
  13  0:16  Drone  
  14  0:31  Drone x2  
  16  0:48  Hatchery  
  15  0:51  Drone  
  15  0:54  Drone  
  17  0:58  Drone  
  18  1:08  Extractor, Drone  
  18  1:18  Spawning Pool  
  17  1:26  Drone  
  17  1:27  Drone  
  19  1:39  Drone  
  20  1:50  Overlord  
  20  2:04  Queen x2  
  20  2:07  Zergling x4  
  26  2:11  Drone x2  
  26  2:14  Metabolic Boost  
  28  2:25  Drone x2  
  30  2:37  Drone  
  30  2:38  Hatchery  
  30  2:44  Overlord  
  30  2:46  Drone  
  30  2:47  Drone  
  32  2:53  Drone  
  32  2:55  Drone  
  34  2:58  Queen  
  36  3:05  Drone  
  36  3:07  Drone  
  37  3:13  Overlord  
  37  3:16  Drone x4  
  41  3:20  Drone  
  41  3:26  Overlord  
  42  3:28  Drone  
  42  3:30  Drone  
  44  3:35  Overlord  
  44  3:42  Drone, Spore Crawler  
  44  3:43  Queen  
  44  3:44  Drone  
  44  3:47  Drone x3  
  50  3:50  Zergling x4  
  50  3:54  Queen  
  54  3:59  Spore Crawler  
  54  4:01  Drone x2  
  55  4:04  Spore Crawler  
  55  4:07  Drone x2  
  56  4:14  Overlord  
  56  4:18  Drone x3  
  56  4:22  Roach Warren  
  56  4:23  Drone x2  
  60  4:25  Drone x2  
  60  4:28  Drone  
  63  4:32  Extractor x2  
  63  4:33  Lair  
  63  4:34  Drone  
  62  4:38  Drone x2  
  62  4:40  Drone  
  63  4:46  Drone x4  
  63  4:47  Drone  
  63  4:49  Overlord  
  68  4:53  Overlord  
  68  4:57  Overlord  
  68  5:00  Overlord  
  68  5:02  Overlord  
  68  5:09  Extractor, Roach x3  
  68  5:10  Evolution Chamber  
  68  5:12  Roach x2  
  76  5:16  Roach  
  76  5:19  Roach  
  76  5:20  Roach x2  
  84  5:23  Drone x2  
  84  5:26  Drone x2  
  84  5:27  Drone  
  88  5:40  Drone x2  
  88  5:41  Drone x2  
  90  5:45  Roach x5  
  90  5:46  Overlord  
  98  5:50  Zerg Missile Weapons Level 1  
  98  5:51  Overlord  
  98  5:53  Extractor  
  98  5:55  Overseer, Hydralisk Den  
  96  6:00  Overlord  
  96  6:11  Drone x2  
  98  6:12  Drone x6  
  104  6:19  Pneumatized Carapace  
  104  6:20  Extractor  
  104  6:21  Drone x3  
  104  6:22  Drone x2  
  106  6:27  Queen  
  106  6:28  Queen  
  106  6:31  Overlord  
  106  6:32  Overseer  
  108  6:39  Overlord  
  105  6:44  Muscular Augments  
  105  6:46  Overlord  
  105  6:49  Overlord  
  105  6:52  Hatchery  
  105  6:53  Hydralisk x6  
  114  7:05  Hydralisk x5  
  124  7:19  Glial Reconstitution  
  124  7:24  Hydralisk x5  
  134  7:33  Overlord  
  134  7:39  Hydralisk x2  
  134  7:42  Overlord  
  137  7:53  Lurker Den, Extractor  
  137  7:54  Drone x10, Zerg Missile Weapons Level 2  
  137  7:56  Grooved Spines  
  145  8:03  Drone x2  
  145  8:05  Drone x2  
  149  8:18  Extractor  
  148  8:24  Spine Crawler x2  
  148  8:25  Hydralisk x2  
  148  8:26  Infestation Pit  
  149  8:27  Overlord x4  
  149  8:37  Drone x2  
  149  8:38  Spire  
  146  8:52  Hydralisk x8  
  148  9:02  Hive  
  148  9:03  Drone x2  
  150  9:11  Zergling x18  
  150  9:12  Overlord, Hatchery  
  158  9:24  Overlord  
  156  9:26  Overlord  
  156  9:27  Overlord x2  
  155  9:39  Hydralisk x9, Spine Crawler  
  155  9:40  Spine Crawler x2, Lurker  
  155  9:41  Lurker x5  
  155  9:44  Hydralisk x2  
  155  9:45  Zergling x4  
  178  9:55  Hydralisk x5  
  177  10:01  Overseer  
  153  10:07  Hydralisk x4  
  153  10:08  Zergling x2  
  153  10:10  Hydralisk  
  153  10:11  Roach  
  153  10:13  Roach  
  140  10:16  Roach x2  
  140  10:18  Roach x2  
  140  10:20  Roach  
  143  10:24  Roach x2  
  143  10:25  Roach  
  143  10:27  Roach  
  123  10:29  Drone x2  
  123  10:31  Drone  
  123  10:32  Drone  
  123  10:34  Drone  
  117  10:37  Drone x2  
  117  10:39  Drone x2  
  117  10:40  Drone  
  117  10:42  Drone  
  103  10:46  Drone  
  82  11:00  Hatchery  
  85  11:05  Lurker  
Tags
 
Add a new tag
Caveats
  • Supply blocks, unpowered buildings, or Contaminate may cause inaccurate times.
  • Supply counts are checked every 10 seconds.